 Dungeon Crawl Stone Soup version 0.23.1 (webtiles) character file.

Game seed: 14400734680374603387

177 Borgoz the Cutter (level 5, 0/45 HPs)
             Began as a Ghoul Gladiator on Mar 8, 2019.
             Slain by an orc warrior
             ... wielding a +0 dire flail
              (23 damage)
             ... on level 6 of the Dungeon.
             The game lasted 00:02:59 (1967 turns).

Borgoz the Cutter (Ghoul Gladiator)                 Turns: 1967, Time: 00:03:00

Health: 0/45       AC:  4    Str: 18    XL:     5   Next: 57%
Magic:  4/4        EV: 18    Int:  4    God:
Gold:   165        SH:  0    Dex: 15    Spells: 4/4 levels left

rFire    + . .     SeeInvis .   a - +0 rapier
rCold    . . .     Gourm    .   (no shield)
rNeg     + + +     Faith    .   b - +0 leather armour
rPois    ∞         Spirit   .   c - +0 helmet
rElec    .         Reflect  .   (no cloak)
rCorr    .         Harm     .   (no gloves)
MR       .....                  (no boots)
Stlth    ++........             (no amulet)
HPRegen  0.00/turn              h - ring of fire
MPRegen  0.09/turn              (no ring)

@: agile, rotting
A: rotting body, claws 1, carnivore, cold resistance 1, negative energy
resistance 3, inhibited regeneration, torment resistance, unbreathing
a: no special abilities


You were on level 6 of the Dungeon.
You were not hungry.

You visited 1 branch of the dungeon, and saw 4 of its levels.

You collected 165 gold pieces.

Inventory:

Hand Weapons
 a - a +0 rapier (weapon)
Missiles
 d - 3 throwing nets (quivered)
Armour
 b - a +0 leather armour (worn)
 c - a +0 helmet (worn)
Jewellery
 h - a ring of fire (left claw)
 q - an uncursed amulet of rage {unknown}
Scrolls
 e - 4 scrolls of remove curse
 j - a scroll of blinking
 n - a scroll of random uselessness
 p - a scroll of enchant armour
Potions
 g - a potion of mutation {unknown}
 i - 5 potions of curing
 k - 2 potions of agility
 l - a potion of ambrosia
 r - a potion of heal wounds {unknown}
Comestibles
 f - 7 rations


   Skills:
 + Level 3.1 Fighting
 + Level 4.2 Short Blades
 - Level 1.7 Throwing
 + Level 1.6 Armour
 + Level 3.4 Dodging
 + Level 0.1 Stealth


You had 4 spell levels left.
You didn't know any spells.
Your spell library contained the following spells:

 Spells                   Type           Power        Failure   Level  Hunger
 Animate Skeleton         Necr           N/A          56%         1    ##.....
 Apportation              Tloc           #.....       56%         1    ##.....
 Confusing Touch          Hex            #.....       56%         1    ##.....
 Summon Small Mammal      Summ           #...         56%         1    ##.....


Dungeon Overview and Level Annotations

Branches:
Dungeon (3/15)

Altars:
Cheibriados
Elyvilon
Makhleb
Nemelex Xobeh
Ru
Wu Jian
Yredelemnul
Zin

Shops:
D:2 *


Innate Abilities, Weirdness & Mutations

Your body is rotting away.
You thrive on raw meat.
You are immune to poison.
You have sharp fingernails.
You are carnivorous and can eat meat at any time.
Your flesh is cold resistant. (rC+)
You are immune to negative energy. (rN+++)
You do not regenerate when monsters are visible.
You are immune to unholy pain and torment.
You can survive without breathing.


Message History

Something hits you. The orc warrior closely misses you.
Okay, then.
Something hits you but does no damage.
The orc warrior hits you with a +0 dire flail!
A magic dart appears from out of thin air!
The magic dart hits you.
There is an open door here.
Eat one of 2 chunks of flesh? (ye/n/q)
You eat one of the 2 chunks of flesh.
This raw flesh tastes great!
Eat a chunk of flesh? (ye/n/q)
You eat the chunk of flesh.
This raw flesh tastes great!
The orc warrior closely misses you.
You closely miss the orc warrior.
The orc warrior is lightly wounded.
The orc warrior hits you with a +0 dire flail.
You hit the orc warrior but do no damage.
The orc warrior is lightly wounded.
The orc warrior hits you with a +0 dire flail!!
Ouch! That really hurt!
You die...

# .# #+#
############.# ....
+............ .....
#.........###......
#.......o{o@'......
#.......oo###......
#.........# .....
#.........# ....
#.........# ...
#######o### .. #.#
# #.# #.#


You could see an orc warrior and 3 orcs.

Vanquished Creatures
  A bullfrog (D:3)
  A howler monkey (D:6)
  3 adders
  A worm (D:3)
  A leopard gecko (D:3)
  4 orcs (D:3)
  3 bats
  3 giant cockroaches
  6 goblins
  6 hobgoblins
  8 kobolds
  A frilled lizard (D:2)
  5 rats
43 creatures vanquished.

Notes
Turn   | Place    | Note
-------+----------+-------------------------------------------
     0 | D:1      | Borgoz the Ghoul Gladiator began the quest for the Orb.
     0 | D:1      | Reached XP level 1. HP: 17/17 MP: 0/0
   243 | D:1      | Reached XP level 2. HP: 22/23 MP: 1/1
   308 | D:1      | Reached skill level 3 in Short Blades
   624 | D:2      | Reached XP level 3. HP: 24/30 MP: 2/2
   648 | D:2      | Found a sparkling altar of Nemelex Xobeh.
   851 | D:2      | Found a snail-covered altar of Cheibriados.
  1128 | D:2      | Found a white marble altar of Elyvilon.
  1363 | D:2      | Found a burning altar of Makhleb.
  1366 | D:2      | Found a basalt altar of Yredelemnul.
  1367 | D:2      | Found a sacrificial altar of Ru.
  1368 | D:2      | Found an ornate altar of the Wu Jian Council.
  1415 | D:2      | Found Zin's Purification Station.
  1417 | D:2      | Found a glowing silver altar of Zin.
  1515 | D:3      | Reached XP level 4. HP: 37/37 MP: 3/3
  1591 | D:3      | Noticed a bullfrog
  1596 | D:3      | Killed a bullfrog
  1596 | D:3      | Reached skill level 4 in Short Blades
  1596 | D:3      | Reached skill level 1 in Armour
  1596 | D:3      | Reached XP level 5. HP: 23/45 MP: 4/4
  1786 | D:3      | You fall through a shaft for 3 floors!
  1932 | D:6      | Noticed an orc warrior
  1967 | D:6      | Slain by an orc warrior

Skill      XL: |  1  2  3  4 |
---------------+-------------+-----
Short Blades   | 3 4 |  4.2
Dodging        | 3 |  3.4
Fighting       | 3 |  3.1
Armour         | 1 |  1.6
Throwing       | |  1.7
Stealth        | |  0.1

Action                   |  1- 3 |  4- 6 || total
-------------------------+-------+-------++-------
Melee: Rapier            |   125 |    53 ||   178
  Use: Scroll            |       |     5 ||     5
       Potion            |       |     2 ||     2
  Eat: Chunk             |     5 |     4 ||     9
Armor: Leather armour    |    22 |    10 ||    32
Dodge: Dodged            |    84 |    35 ||   119
